 Dungeon Crawl Stone Soup version 0.19-a0-585-ge40200b (webtiles) character file.

376 syzygy the Cutter (level 6, -2/42 HPs)
             Began as a High Elf Skald on June 9, 2016.
             Slain by an ogre
             ... wielding a +0 giant club
              (15 damage)
             ... on level 4 of the Dungeon.
             The game lasted 00:15:03 (5709 turns).

syzygy the Cutter (High Elf Skald)                  Turns: 5709, Time: 00:15:03

Health: -2/42      AC: 11    Str: 11    XL:     6   Next: 44%
Magic:  10/10      EV:  6    Int: 17    God:
Gold:   114        SH:  0    Dex: 16    Spells: 1 memorised, 8 levels left

rFire  + . .     SeeInvis .     a - +0 short sword
rCold  x . .     Gourm    .     z - +0 chain mail
rNeg   . . .     Faith    .     (no shield)
rPois  .         Spirit   .     r - +0 helmet
rElec  .         Dismiss  .     (no cloak)
rCorr  .         Reflect  .     (no gloves)
SustAt .         Harm     .     x - +0 pair of boots
MR     .....                    (no amulet)
Stlth  ..........               v - ring of fire
                                o - ring of flight

@: not resistant to hostile enchantments, extremely unstealthy
A: no striking features
a: Evoke Flight


You were on level 4 of the Dungeon.
You were not hungry.

You visited 1 branch of the dungeon, and saw 4 of its levels.

You collected 114 gold pieces.

Inventory:

Hand Weapons
 a - a +0 short sword (weapon)
Armour
 r - a +0 helmet (worn)
 x - a +0 pair of boots (worn)
 z - a +0 chain mail (worn)
Jewellery
 o - a ring of flight (left hand)
 v - a ring of fire (right hand)
Wands
 y - a wand of confusion (27/48)
Scrolls
 g - a scroll of fear {unknown}
 h - 2 scrolls of fog {unknown}
 l - a scroll of remove curse
 n - 2 scrolls of enchant weapon {unknown}
 p - a scroll of recharging {unknown}
 q - a scroll of blinking {unknown}
 u - a scroll of noise {unknown}
Potions
 e - a potion of heal wounds
 f - a potion of magic {unknown}
 i - a potion of haste
 j - a potion of degeneration
 k - 2 potions of ambrosia
 m - 2 potions of brilliance
 t - 2 potions of lignification {unknown}
Books
 c - a book of Battle

   Spells                             Type                      Level
   a - Infusion                       Charms                       1
   b - Shroud of Golubria             Charms/Translocation         2
   c - Song of Slaying                Charms                       2
   d - Spectral Weapon                Hexes/Charms                 3
   e - Regeneration                   Charms/Necromancy            3
Comestibles
 b - a slice of pizza
 d - 4 bread rations
 s - a meat ration
 w - 4 fruits


   Skills:
 + Level 3.1 Fighting
 + Level 4.3 Short Blades
 + Level 2.5 Armour
 + Level 3.0 Dodging
 * Level 4.0 Stealth
 - Level 2.4 Spellcasting
 - Level 3.6 Charms


You had 8 spell levels left.
You knew the following spells:

 Your Spells              Type           Power        Failure   Level  Hunger
a - Infusion              Chrm           ##..         99%         1    #......


Dungeon Overview and Level Annotations

Branches:
Dungeon (4/15)
 Temple: D:4-7

Altars:
Gozag
Kikubaaqudgha


Message History

[Y]es or [N]o only, please.
Keep equipping yourself?
You continue putting on your pair of boots. x2
The ogre hits you with a giant club!
You finish putting on your +0 pair of boots.
You barely miss the ogre. The ogre hits you with a giant club!
You hit the ogre.
The ogre is lightly wounded.
You hit the ogre.
The ogre is moderately wounded.
The ogre barely misses you.
You hit the ogre.
The ogre is moderately wounded.
The ogre barely misses you.
Your chain mail prevents you from hitting the ogre.
The ogre is moderately wounded.
You barely miss the ogre.
The ogre is moderately wounded.
The ogre hits you with a giant club!
You die...

#######
#......#<#.#.#####
#......#...#......
#......#.....#####
#......##....#
#.......+....#
#......##....#####
#......##.........
#@O....#####......
###...............
#....######.....
###...............
.........##########
####............
.......O.......
###.####.....## #.
.....+


You could see an ogre.

Vanquished Creatures
  An orc priest (D:3)
  3 orc wizards (D:3)
  A worker ant (D:4)
  8 adders
  3 gnolls (D:2)
  A howler monkey skeleton (D:3)
  2 river rats (D:3)
  An ooze (D:1)
  2 worms (D:2)
  4 dart slugs (D:1)
  2 giant geckos
  8 orcs (D:3)
  A ball python (D:3)
  11 bats
  2 giant cockroaches (D:1)
  9 goblins
  10 hobgoblins
  3 jackals (D:3)
  8 kobolds
  5 giant newts
  14 rats
  2 rat zombies (D:3)
101 creatures vanquished.

Notes
Turn   | Place    | Note
--------------------------------------------------------------
     0 | D:1      | syzygy the High Elf Skald began the quest for the Orb.
     0 | D:1      | Reached XP level 1. HP: 14/14 MP: 4/4
    27 | D:1      | Reached skill level 1 in Armour
   399 | D:1      | Reached XP level 2. HP: 14/19 MP: 6/6
   814 | D:1      | Reached skill level 1 in Stealth
   839 | D:1      | Reached XP level 3. HP: 10/24 MP: 7/7
  2248 | D:2      | Reached XP level 4. HP: 30/30 MP: 5/8
  3163 | D:2      | Found an opulent altar of Gozag.
  3371 | D:2      | Reached XP level 5. HP: 30/35 MP: 9/9
  4065 | D:3      | Reached XP level 6. HP: 29/42 MP: 3/10
  4376 | D:3      | Found an ancient bone altar of Kikubaaqudgha.
  5709 | D:4      | Slain by an ogre

Vault maps used:
D:1:      sevenhm_arrival_forest_fort_small_3, minmay_misc_feat_doors
D:2:      minmay_door_path, nicolae_gozag_seed_capital, first_bread, st_stairs_4
D:3:      lemuel_zombie_altar_kikubaaqudgha, portal_sewer_entry_e
D:4:      cheibrodos_ashenzari_chains, minmay_temple_entry_enclosed_plants,
          grunt_ministairs_1, minmay_misc_feat_pillars

Skill      XL: |  1  2  3  4  5  6 |
---------------+-------------------+-----
Armour         | 1 2 |  2.5
Stealth        | 1 2 3 4 |  4.0
Short Blades   | 3 4 |  4.3
Dodging        | 2 3 |  3.0
Fighting       | 3 |  3.1
Spellcasting   | |  2.4
Charms         | |  3.6

Action                   |  1- 3 |  4- 6 || total
-------------------------+-------+-------++-------
Melee: Short sword       |   153 |   343 ||   496
 Cast: Infusion          |     4 |     6 ||    10
  Use: Potion            |     2 |     3 ||     5
       Scroll            |     2 |     4 ||     6
 Stab: Sleeping          |     1 |     1 ||     2
       Distracted        |       |     1 ||     1
  Eat: Chunk             |     4 |     7 ||    11
       Bread ration      |       |     1 ||     1
Armor: Leather armour    |    57 |    28 ||    85
       Ring mail         |       |    30 ||    30
       Chain mail        |       |    69 ||    69
Dodge: Dodged            |   108 |   142 ||   250
